 Dungeon Crawl Stone Soup version 0.15.1-2-g8fbdab7 (webtiles) character file.

447 Chiseanne the Jinx (level 6, 0/28 HPs)
             Began as a Spriggan Enchanter on Oct 1, 2014.
             Was an Initiate of Cheibriados.
             Slain by Grinder (8 damage)
             ... on Level 4 of the Dungeon.
             The game lasted 00:13:56 (3565 turns).

Chiseanne the Jinx (Spriggan Enchanter)             Turns: 3565, Time: 00:13:56

HP   0/28        AC  4     Str  5      XL: 6   Next: 73%
MP  15/18        EV 20     Int 18      God: Cheibriados [......]
Gold 203         SH  0     Dex 19      Spells:  4 memorised,  1 level left

rFire  . . .     SeeInvis +     a - +4 falchion (elec) (curse)
rCold  . . .     Clarity  .     b - +2 robe
rNeg   . . .     rCorr    .     (shield restricted)
rPois  .         rRot     .     (helmet restricted)
rElec  .         Spirit   .     (no cloak)
SustAb .         Warding  .     (gloves unavailable)
rMut   .         Stasis   .     (boots unavailable)
Gourm  .                        (no amulet)
MR     +....                    (no ring)
                                (no ring)

@: quick, somewhat resistant to hostile enchantments, stealthy
A: unfitting armour, see invisible, herbivore 3, speed 3, slow metabolism 2
a: Bend Time, Renounce Religion


You were on level 4 of the Dungeon.
You worshipped Cheibriados.
Cheibriados was noncommittal.
You were full.

You visited 1 branch of the dungeon, and saw 4 of its levels.

You collected 203 gold pieces.

Inventory:

Hand weapons
 a - a cursed +4 falchion of electrocution (weapon)
Missiles
 i - 6 tomahawks (quivered)
Armour
 b - a +2 robe (worn)
Magical devices
 h - a wand of slowing (8)
Comestibles
 f - 3 bread rations
 m - 2 royal jellies
 q - a slice of pizza
Scrolls
 k - a scroll of teleportation
Potions
 e - 3 potions of curing
 g - a potion of brilliance
 j - a potion of heal wounds {unknown}
 o - a potion of lignification {unknown}
 r - a potion of agility {unknown}
Books
 c - a book of Maledictions

   Spells                             Type                      Level
   *Corona                            Hexes                        1
   Sure Blade                         Hexes/Charms                 2
   Ensorcelled Hibernation            Hexes/Ice                    2
   *Confuse                           Hexes                        3
   Dazzling Spray                     Conjuration/Hexes            3
   *Enslavement                       Hexes                        4
 d - a book of Enchantments

   Spells                             Type                      Level
   *Tukima's Dance                    Hexes                        3
   Cause Fear                         Hexes                        4
   Silence                            Hexes/Air                    5
   Deflect Missiles                   Charms/Air                   6
   Haste                              Charms                       6
   Discord                            Hexes                        8
 l - a book of Control

   Spells                             Type                      Level
   Control Teleport                   Charms/Translocation         4
   Control Undead                     Necromancy                   4
   *Enslavement                       Hexes                        4
   Metabolic Englaciation             Hexes/Ice                    5
   Mass Confusion                     Hexes                        6


   Skills:
   Level 1.1 Short Blades
 - Level 4.0 Dodging
 - Level 5.6 Stealth
 * Level 3.7 Spellcasting
 * Level 8.0 Hexes


You had one spell level left.
You knew the following spells:

 Your Spells              Type           Power        Failure   Level  Hunger
a - Corona                Hex            ####...      1%          1    None
b - Confuse               Hex            ####....     1%          3    ###....
c - Enslavement           Hex            ####....     6%          4    ####...
d - Tukima's Dance        Hex            ####....     1%          3    ###....


Dungeon Overview and Level Annotations

Branches:
Dungeon (4/15)
 Temple: D:4-7

Altars:
Cheibriados

Annotations:
D:4 Grinder; kurshu's ghost, average MiFi


Innate Abilities, Weirdness & Mutations

You are tiny and cannot use many weapons and most armour.
You have supernaturally acute eyesight.
You are a herbivore.
You cover ground extremely quickly.
You need consume almost no food.


Message History

Pain shoots through your body!
* * * LOW HITPOINT WARNING * * *
An orc skeleton comes into view.
Grinder hits you.
* * * LOW HITPOINT WARNING * * *
You writhe in agony.
* * * LOW HITPOINT WARNING * * *
The jackal completely misses you. Grinder gestures at you.
You easily resist.
Drink which item? (? for menu, Esc to quit)
You feel better. The jackal bites you.
* * * LOW HITPOINT WARNING * * *
The jackal completely misses you.
Grinder says, "You look like you could use a good racking."
Grinder gestures.
Grinder blinks!
The jackal bites you but does no damage.
You closely miss Grinder. Grinder hits you!
You die...

...) ### .....##### .......
........... .......# .
..........#####......###.#
..............#..........
............#.#......#..
..........#%#......##..####
.......<.......5.h..#.....
.........##.#...@h.##Z.#
........###.##.....rh§.#
...#..#####....##.###..# .#
......%...........##..#####.#.
........##.##.###.#...........#
.[...#####.##.# #.#...r....#.#
.....# #.##.. #.#.......h..#
.....# #.###..#....$......####.
...... #.. #.#.##.......###...


You could see Grinder, a hound, 2 jackals and a rat.

Vanquished Creatures
  Menkaure (D:4)
  A scorpion (D:4)
  A giant frog zombie (D:3)
  A hound (D:4)
  An iguana (D:4)
  Ijyb (D:2)
  Jessica (D:2)
  Terence (D:2)
  6 adders
  2 giant mites
  A worm (D:4)
  An ooze (D:1)
  An orc (D:3)
  A ball python (D:3)
  4 bats
  6 giant cockroaches
  10 goblins
  9 hobgoblins
  4 jackals (D:1)
  9 kobolds
  A quokka (D:3)
  2 giant geckos
  2 giant newts (D:1)
  A hobgoblin skeleton (D:4)
  A quokka skeleton (D:4)
  10 rats
79 creatures vanquished.

Notes
Turn   | Place    | Note
--------------------------------------------------------------
     0 | D:1      | Chiseanne, the Spriggan Enchanter, began the quest for the Orb.
     0 | D:1      | Reached XP level 1. HP: 9/9 MP: 4/4
   398 | D:1      | Reached XP level 2. HP: 13/13 MP: 7/7
   625 | D:1      | Found a snail-covered altar of Cheibriados.
   809 | D:1      | Became a worshipper of Cheibriados the Contemplative
   941 | D:1      | Reached XP level 3. HP: 16/16 MP: 6/10
   948 | D:1      | Reached skill level 5 in Stealth
  1416 | D:2      | Noticed Ijyb
  1426 | D:2      | Killed Ijyb
  1447 | D:2      | Noticed Jessica
  1461 | D:2      | Killed Jessica
  1461 | D:2      | Reached XP level 4. HP: 13/21 MP: 10/13
  1710 | D:2      | Noticed Terence
  1715 | D:2      | Killed Terence
  1733 | D:2      | Learned a level 3 spell: Confuse
  1738 | D:2      | Learned a level 4 spell: Enslavement
  2155 | D:2      | Reached skill level 5 in Hexes
  2424 | D:3      | Reached XP level 5. HP: 24/24 MP: 13/16
  2597 | D:3      | Reached skill level 6 in Hexes
  3099 | D:4      | Noticed Menkaure
  3114 | D:4      | Killed Menkaure
  3114 | D:4      | Reached skill level 7 in Hexes
  3114 | D:4      | Reached XP level 6. HP: 12/28 MP: 14/18
  3354 | D:4      | Learned a level 3 spell: Tukima's Dance
  3373 | D:4      | Noticed kurshu's ghost (average MiFi)
  3389 | D:4      | Reached skill level 8 in Hexes
  3548 | D:4      | Noticed Grinder
  3556 | D:4      | HP: 1/28 [Grinder (2)]
  3565 | D:4      | Slain by Grinder

Action                   |  1- 3 |  4- 6 || total
-------------------------+-------+-------++-------
Melee: Dagger            |   104 |    21 ||   125
       Falchion          |       |    88 ||    88
Throw: Tomahawk          |     5 |    13 ||    18
 Cast: Corona            |    21 |    62 ||    83
       Tukima's Dance    |       |     3 ||     3
Evoke: Wand              |       |     2 ||     2
  Use: Scroll            |     3 |     5 ||     8
       Potion            |       |     2 ||     2
 Stab: Sleeping          |    11 |     9 ||    20
       Distracted        |     1 |       ||     1
